 Dungeon Crawl Stone Soup version 0.32-a0-338-g4f8ebfe289 (webtiles) character file.

Game seed: 5767701996141211366

294 Gargoyl the Chopper (level 6, -2/58 HPs)
             Began as a Gargoyle Berserker on Feb 17, 2024.
             Was a Priest of Trog.
             Incinerated by a bombardier beetle (4 damage)
             ... with a burning spray
             ... on level 4 of the Dungeon.
             The game lasted 00:04:20 (2497 turns).

Gargoyl the Chopper (Gargoyle Berserker)            Turns: 2497, Time: 00:04:21

Health: -2/58      AC: 14    Str: 20    XL:     6   Next: 33%
Magic:  6/6        EV:  8    Int:  8    God:    Trog [***...]
Gold:   146        SH:  0    Dex: 11    Spells: 5/5 levels left

rFire   . . .        a - +0 hand axe
rCold   . . .        (no shield)
rNeg    + . .        d - +0 chain mail
rPois   ∞            (no helmet)
rElec   +            (no cloak)
rCorr   .            (no gloves)
SInv    .            n - +0 pair of boots
Will    .....        (no amulet) Stlth
                     (no ring)
HPRegen 0.29/turn    (no ring)
MPRegen 0.10/turn

%: no passive effects
@: berserking, on fire, glowing, very quick
A: sickness immunity, AC +4, negative energy resistance 1, electricity
resistance, torment resistance 1, petrification resistance
a: Renounce Religion, Berserk, Trog's Hand


You were on level 4 of the Dungeon.
You worshipped Trog.
Trog was most pleased with you.
You visited 1 branch of the dungeon, and saw 4 of its levels.

You collected 146 gold pieces.

Inventory:

Hand Weapons
 a - a +0 hand axe (weapon)
Armour
 d - a +0 chain mail (worn)
 n - a +0 pair of boots (worn)
Scrolls
 c - 3 scrolls of identify
 h - 3 scrolls of blinking
 l - a scroll of noise {unknown}
 m - 3 scrolls of teleportation {unknown}
 o - a scroll of enchant armour {unknown}
 p - a scroll of vulnerability {unknown}
 r - a scroll of fog {unknown}
Potions
 b - a potion of attraction {unknown}
 e - 3 potions of heal wounds {unknown}
 f - a potion of haste {unknown}
 g - a potion of ambrosia {unknown}
 i - 2 potions of brilliance {unknown}
 j - a potion of magic {unknown}
 k - a potion of curing {unknown}
 q - a potion of mutation {unknown}


   Skills:
 + Level 4.7 Fighting
 + Level 4.8 Axes
 + Level 3.5 Armour
 + Level 2.0 Dodging


You had 5 spell levels left.
You didn't know any spells.
Your spell library was empty.

Dungeon Overview and Level Annotations

Branches:
Dungeon (4/15)
 Temple: D:4-7

Altars:
Dithmenos
Okawaru


Innate Abilities, Weirdness & Mutations

You are immune to sickness and miasma.
Your stone body is resilient. (AC +4)
You are immune to poison.
You resist negative energy. (rN+)
You are resistant to electric shocks. (rElec)
You are resistant to unholy torment.
You are immune to petrification.


Message History

You hit the bombardier beetle.
The bombardier beetle is severely wounded.
The liquid fire burns you!
* * * LOW HITPOINT WARNING * * *
The bombardier beetle bites you but does no damage.
A red film seems to cover your vision as you go berserk!
You feel yourself moving faster!
You feel mighty! The liquid fire burns you!
* * * LOW HITPOINT WARNING * * *
You barely miss the bombardier beetle.
The bombardier beetle is severely wounded.
The bombardier beetle sprays incendiary fluid at you.
The burning spray hits you.
You are covered in liquid fire!
You barely miss the bombardier beetle.
The bombardier beetle is severely wounded.
The liquid fire burns you!
* * * LOW HITPOINT WARNING * * *
You barely miss the bombardier beetle.
The bombardier beetle is severely wounded.
The liquid fire burns you!
* * * LOW HITPOINT WARNING * * *
The bombardier beetle bites you but does no damage.
You hit the bombardier beetle.
The bombardier beetle is almost dead.
The liquid fire burns you!
* * * LOW HITPOINT WARNING * * *
You barely miss the bombardier beetle.
The bombardier beetle is almost dead.
The liquid fire burns you!
* * * LOW HITPOINT WARNING * * *
You slash the bombardier beetle!
You kill the bombardier beetle!
Trog accepts your kill. The liquid fire burns you!
* * * LOW HITPOINT WARNING * * *
Found a scroll of identify.
You shake off some of the fire as you move.
The liquid fire burns you!
You die...

#........#
#........#
##........##
#..........##
##.###...)...##
####...#....#)....
#....#.....#.#†...
#.####....#.#)#...
#@# #....#.#.#)#..
#.# ....#.#.#.#.#.
#.# ...#.#.#.#.#.#
#.. ..#.#.#.#.#.#.
#.. .#.#.#.#.#.#.#
#... .#.#.#.#.#.#.
.... #.#.#.#.#.#.#
.#.?..#.#.#.#.#.#.
.# .#.#.#.#


There were no monsters in sight!

Vanquished Creatures
  A bombardier beetle (D:4)
  2 orc wizards
  2 adders
  4 gnolls (D:3)
  6 dart slugs
  2 ribbon worms (D:2)
  8 orcs
  7 ball pythons
  5 bats
  5 endoplasms
  A giant cockroach (D:3)
  9 hobgoblins
  10 frilled lizards
  5 goblins
  7 kobolds
  9 rats
83 creatures vanquished.

Notes
Turn   | Place    | Note
-------+----------+-------------------------------------------
     0 | D:1      | Gargoyl the Gargoyle Berserker began the quest for the Orb.
     0 | D:1      | Reached XP level 1. HP: 14/14 MP: 1/1
    29 | D:1      | Found a faded altar of an unknown god.
   141 | D:1      | Reached XP level 2. HP: 17/19 MP: 2/2
   272 | D:1      | Reached XP level 3. HP: 22/24 MP: 3/3
   357 | D:1      | Reached ** piety under Trog
   914 | D:2      | Reached XP level 4. HP: 28/29 MP: 4/4
   985 | D:2      | Found an iron altar of Okawaru.
  1699 | D:3      | Found a shadowy altar of Dithmenos.
  1817 | D:3      | Reached XP level 5. HP: 32/33 MP: 5/5
  1859 | D:3      | Found an iron altar of Okawaru.
  1984 | D:3      | Reached *** piety under Trog
  2423 | D:4      | Reached XP level 6. HP: 39/39 MP: 6/6
  2496 | D:4      | HP: 2/58 [burnt (2)]
  2497 | D:4      | Incinerated by a bombardier beetle

Illustrated notes

Levels and vault maps discovered:
D:1:      scummos_arrival_checkerplants, layout_basic,
          dreamdust_ecumenical_altar_statues, minivault_25, minmay_lizard_pond
D:2:      layout_rooms, serial_forest, infiniplex_forest_diagonal,
          infiniplex_forest_diagonal, infiniplex_forest_corner_2,
          infiniplex_forest_straight_3, infiniplex_forest_clump_large,
          infiniplex_forest_lined_1, infiniplex_forest_end_2,
          infiniplex_forest_lined_room_2, basic_altar
D:3:      layout_basic, overflow_temple_1_default, okawaru_altar_gauntlet_db,
          serial_rivers, chequers_serial_rivers_small_3,
          chequers_serial_rivers_marsh, chequers_serial_rivers_micro_c,
          chequers_serial_rivers_micro_a, chequers_serial_rivers_small_b
D:4:      layout_rooms, mainiacjoe_overflow_alcove_4,
          biasface_ghost_orc_armoury, nicolae_the_louvre

Skill      XL: |  1  2  3  4  5 |
---------------+----------------+-----
Axes           | 3 4 |  4.8
Fighting       | 4 |  4.7
Armour         | 3 |  3.5
Dodging        | 2 |  2.0

Action                     |  1- 3 |  4- 6 || total
---------------------------+-------+-------++-------
  Melee: Hand axe          |    88 |   135 ||   223
 Invoke: Berserk           |       |     4 ||     4
    Use: Scroll            |       |     1 ||     1
 Armour: Animal skin       |    11 |       ||    11
         Chain mail        |    52 |   124 ||   176
  Dodge: Dodged            |    52 |    71 ||   123

Table legend: (Time is in decaauts)
 A = Elapsed time spent in this place.
 B = Non-inter-level travel time spent in this place.
 C = Inter-level travel time spent in this place.
 D = Time resting spent in this place.
 E = Time spent auto-exploring this place.
 F = Levels seen in this place.
 G = Mean time per level.
                   A        B        C        D        E       F      G
               +--------+--------+--------+--------+--------+-----+--------+
         Total |   2561 |   2484 |     77 |      0 |   1731 |   4 |  640.2 |
       Dungeon |   2561 |   2484 |     77 |      0 |   1731 |   4 |  640.2 |
               +--------+--------+--------+--------+--------+-----+--------+

Top non-repeatable levels by time:
     D:1: 870 daAuts
     D:3: 865 daAuts
     D:2: 726 daAuts
     D:4: 99 daAuts
